cohdb
Replays
Latest Replays
All Replays
Popular Replays
Top Player Replays
Match Explorer
How It Works
Community
CoH3 Stats
Reddit
Sign in to upload your games and track your stats! →
Sign in with Steam
Match 43068766
Unlisted
Match 43068766
Overview
Messages
Build Orders
End
Royal Engineer Section
Construct Section Command Post
Vickers Machine Gun Team
Selects Canadian Shock Battlegroup
Infantry Section
Grenade Package
ML 3-inch Mortar Team
Construct Platoon Command Post
Selects Attacking Spirit
Selects Canadian Shock Section
Canadian Shock Section
Humber Armored Car
Humber Armored Car
Selects Point Assault
Construct Field Infirmary
Infantry Training
Unlock M3 Stuart Light Tanks
Canadian Shock Section
M3 Stuart Light Tank
Selects Incendiary Munitions
Selects Pyrotechnics
Sunwheel⊕
life⭕⃤
Jarkke
Setti-Veke
0
0
Comments
sign in to comment!
No comments posted yet!